 Dungeon Crawl Stone Soup version 0.30-a0-989-g0d87f670db (webtiles) character file.

Game seed: 8983214464457342454

451 leviel the Chopper (level 7, -7/61 HPs)
             Began as a Hill Orc Monk on Mar 29, 2023.
             Mangled by an ogre
             ... wielding a +0 giant club
              (26 damage)
             ... on level 4 of the Dungeon on Apr 2, 2023.
             The game lasted 00:04:58 (3253 turns).

leviel the Chopper (Hill Orc Monk)                  Turns: 3253, Time: 00:04:58

Health: -7/61      AC: 11    Str: 16    XL:     7   Next: 4%
Magic:  7/7        EV:  6    Int: 10    God:
Gold:   176        SH:  0    Dex: 19    Spells: 6/6 levels left

rFire   . . .      SeeInvis .    a - +0 hand axe
rCold   . . .      Faith    .    (no shield)
rNeg    . . .      Spirit   .    e - +0 plate armour
rPois   .          Reflect  .    (no helmet)
rElec   .          Rampage  .    (no cloak)
rCorr   +                        (no gloves)
Will    .....                    (no boots) Stlth
                                 (no amulet)
HPRegen 0.30/turn                n - +6 ring of dexterity
MPRegen 0.10/turn                d - ring of resist corrosion

@: no status effects
A: no striking features
a: no special abilities


You were on level 4 of the Dungeon.
You visited 1 branch of the dungeon, and saw 4 of its levels.

You collected 176 gold pieces.

Inventory:

Hand Weapons
 a - a +0 hand axe (weapon)
Armour
 b - a +0 robe
 e - a +0 plate armour (worn)
Jewellery
 d - a ring of resist corrosion (right hand)
 n - a +6 ring of dexterity (left hand)
 q - a +6 ring of dexterity
 r - a ring of flight
Wands
 f - a wand of roots (9)
Scrolls
 h - 2 scrolls of poison {unknown}
 o - a scroll of butterflies {unknown}
Potions
 c - a potion of ambrosia
 g - a potion of attraction
 i - a potion of mutation
 j - a potion of curing
 k - a potion of invisibility {unknown}
 m - a potion of haste {unknown}
 p - a potion of flight {unknown}
 s - 2 potions of brilliance


   Skills:
 + Level 5.1 Fighting
 + Level 7.0 Axes
 + Level 0.1 Throwing
 + Level 4.2 Armour
 + Level 2.9 Dodging
 + Level 1.7 Stealth


You had 6 spell levels left.
You didn't know any spells.
Your spell library contained the following spells:

 Spells                   Type           Power      Damage    Failure   Level
 Spider Form              Tmut/Pois      0%         N/A       100%        3
 Irradiate                Conj/Tmut      0%         3d11      100%        5
 Fire Storm               Conj/Fire      0%         5d1       100%        9


Dungeon Overview and Level Annotations

Branches:
Dungeon (4/15)
 Temple: D:4-7

Altars:


Message History

An ogre is nearby!
An ogre is nearby!
Throw: 2 javelins
Press: ? - help, Q - select action, (/) - cycle Shift-Dir - straight line, f - ogre
Aim: an ogre, wielding a +0 giant club (77% to hit)
You throw a javelin.
The javelin pierces through the ogre but does no damage.
Throw: javelin
Press: ? - help, Q - select action, (/) - cycle Shift-Dir - straight line, f/p - ogre
Aim: an ogre, wielding a +0 giant club (77% to hit)
You throw a javelin. The javelin pierces through the ogre.
The ogre is lightly wounded.
Aiming: Fastroot
Press: ? - help, Shift-Dir - straight line, f/p - ogre
Aim: an ogre, wielding a +0 giant club (lightly wounded)
The roots erupt in riotous growth!
Roots grab the ogre.
The grasping roots constrict the ogre.
The ogre struggles to escape constriction.
The grasping roots constrict the ogre!
The roots release their grip on the ogre.
The ogre hits you with a +0 giant club!!
You hit the ogre.
The ogre is severely wounded.
The ogre hits you with a +0 giant club!!
You hit the ogre but do no damage.
The ogre is severely wounded.
You hit the ogre.
The ogre is severely wounded.
The ogre hits you but does no damage.
You hit the ogre.
The ogre is almost dead.
The ogre hits you with a +0 giant club.
* * * LOW HITPOINT WARNING * * *
You hit the ogre but do no damage.
The ogre is almost dead.
You hit the ogre.
The ogre is almost dead.
The ogre hits you with a +0 giant club!!
You die...

###################
..................#
################@##
.........# #O#
########.# #(# #
#.# #.# # #.# #(# #
#.#######.#
########.........#
..........########
########.##


You could see an ogre.

Vanquished Creatures
  Sigmund (D:2)
  An orc priest (D:3)
  A sleepcap (D:4)
  Jessica (D:2)
  Natasha (thrice) (D:3)
  6 adders
  4 worms
  4 dart slugs
  3 orcs (D:3)
  7 bats
  5 endoplasms
  5 giant cockroaches
  2 goblins
  5 hobgoblins
  5 kobolds
  2 quokkas
  4 ball pythons
  5 frilled lizards
  6 rats
70 creatures vanquished.

Notes
Turn   | Place    | Note
-------+----------+-------------------------------------------
     0 | D:1      | leviel the Hill Orc Monk began the quest for the Orb.
     0 | D:1      | Reached XP level 1. HP: 19/19 MP: 1/1
     0 | D:1      | Upgraded the game from 0.30-a0-956-gcec3b41aec to
                  | 0.30-a0-986-g7f2e898f52
   206 | D:1      | Reached XP level 2. HP: 27/27 MP: 2/2
   357 | D:1      | Got Qumig's Elucidation of Teratogeny and Soot
   735 | D:2      | Reached XP level 3. HP: 28/33 MP: 3/3
   950 | D:2      | Reached skill level 1 in Armour
  1094 | D:2      | Reached XP level 4. HP: 41/41 MP: 4/4
  1253 | D:2      | Noticed Jessica
  1263 | D:2      | Killed Jessica
  1264 | D:2      | Reached skill level 5 in Axes
  1553 | D:2      | Noticed Sigmund
  1561 | D:2      | Killed Sigmund
  1562 | D:2      | Reached skill level 5 in Fighting
  1562 | D:2      | Reached skill level 6 in Axes
  1562 | D:2      | Reached XP level 5. HP: 24/48 MP: 5/5
  1562 | D:2      | Reached XP level 6. HP: 29/56 MP: 6/6
  1565 | D:2      | Upgraded the game from 0.30-a0-986-g7f2e898f52 to
                  | 0.30-a0-989-g0d87f670db
  2113 | D:3      | Noticed Natasha
  2123 | D:3      | Killed Natasha
  2234 | D:3      | Noticed Natasha
  2243 | D:3      | Killed Natasha
  2810 | D:3      | Noticed Natasha
  2820 | D:3      | Killed Natasha
  3101 | D:4      | Reached skill level 7 in Axes
  3101 | D:4      | Reached XP level 7. HP: 37/61 MP: 7/7
  3253 | D:4      | Mangled by an ogre

Illustrated notes

Levels and vault maps discovered:
D:1:      dpeg_arrival_signposts, layout_rooms, supply_closet_lemuel
D:2:      layout_basic, uniq_sigmund, uniq_jessica
D:3:      layout_loops_ring, uniq_natasha
D:4:      layout_basic

Skill      XL: |  1  2  3  4  5  6 |
---------------+-------------------+-----
Fighting       | 4 5 |  5.1
Armour         | 1 3 4 |  4.2
Axes           | 6 7 |  7.0
Throwing       | |  0.1
Dodging        | |  2.9
Stealth        | |  1.7

Action                     |  1- 3 |  4- 6 |  7- 9 || total
---------------------------+-------+-------+-------++-------
  Melee: Hand axe          |   125 |   171 |     6 ||   302
         Punch             |     1 |     4 |       ||     5
  Throw: Javelin           |     2 |       |     2 ||     4
  Evoke: Wand              |       |       |     1 ||     1
    Use: Potion            |       |     2 |       ||     2
         Scroll            |       |     3 |       ||     3
 Armour: Plate armour      |    94 |    87 |     1 ||   182
         Robe              |     1 |       |       ||     1
  Dodge: Dodged            |    31 |    46 |       ||    77

Table legend: (Time is in decaauts)
 A = Elapsed time spent in this place.
 B = Non-inter-level travel time spent in this place.
 C = Inter-level travel time spent in this place.
 D = Time resting spent in this place.
 E = Time spent auto-exploring this place.
 F = Levels seen in this place.
 G = Mean time per level.
                   A        B        C        D        E       F      G
               +--------+--------+--------+--------+--------+-----+--------+
         Total |   3292 |   3169 |    123 |      0 |   2568 |   4 |  823.0 |
       Dungeon |   3292 |   3169 |    123 |      0 |   2568 |   4 |  823.0 |
               +--------+--------+--------+--------+--------+-----+--------+

Top non-repeatable levels by time:
     D:2: 1308 daAuts
     D:3: 995 daAuts
     D:1: 715 daAuts
     D:4: 274 daAuts
